 Dungeon Sprint DCSS version 0.19-a0-74-g8fff883 (webtiles) character file.

201 Kathua the Skirmisher (level 5, -14/46 HPs)
             Began as a Demonspawn Fighter on May 10, 2016.
             Was a Follower of Pakellas.
             Killed from afar by a gargoyle (22 damage)
             ... with a stone arrow
             ... in the Dungeon (Sprint IX: "|||||||||||||||||||||||||||||").
             The game lasted 00:01:03 (419 turns).

Kathua the Skirmisher (Demonspawn Fighter)           Turns: 419, Time: 00:01:04

Health: -14/46     AC: 15    Str: 16    XL:     5   Next: 50%
Magic:  4/7        EV:  5    Int: 10    God:    Pakellas [*.....]
Gold:   0          SH: 10    Dex: 13    Spells: 0 memorised, 4 levels left

rFire  + . .     SeeInvis .     o - +2 morningstar (crush)
rCold  . . .     Gourm    .     q - +0 plate armour
rNeg   . . .     Faith    .     c - +0 shield
rPois  .         Spirit   .     (no helmet)
rElec  .         Dismiss  .     (no cloak)
rCorr  .         Reflect  .     p - +0 pair of gloves
SustAt .         Harm     .     (no boots)
MR     .....     NoTele   +     (no amulet)
Stlth  ..........               r - +2 ring of evasion
                                s - +2 ring of protection

@: slowed, very slow, not resistant to hostile enchantments, extremely
unstealthy
A: fire resistance 1
a: Quick Charge, Renounce Religion


You were in the Dungeon.
You worshipped Pakellas.
Pakellas was aware of your devotion.
You were not hungry.

You visited 1 branch

Inventory:

Hand Weapons
 a - a +0 flail
 o - a +2 morningstar of crushing (weapon)
Armour
 b - a +0 scale mail
 c - a +0 shield (worn)
 p - a +0 pair of gloves (worn)
 q - a +0 plate armour (worn)
Jewellery
 r - a +2 ring of evasion (right hand)
 s - a +2 ring of protection (left hand)
Wands
 n - a wand of iceblast (7/15)
Scrolls
 k - 2 scrolls of blinking
 l - 3 scrolls of remove curse
 m - 2 scrolls of amnesia
Potions
 d - a potion of might
 e - 5 potions of curing
 g - 2 potions of heal wounds
 h - a potion of haste
 i - 4 potions of magic
 j - a potion of invisibility
Comestibles
 f - a bread ration


   Skills:
 + Level 6.1 Fighting
 * Level 4.8 Maces & Flails
 + Level 5.5 Armour
 + Level 2.0 Dodging
 + Level 5.4 Shields
 * Level 3.5 Evocations


You had 4 spell levels left.
You didn't know any spells.

Dungeon Overview and Level Annotations

Branches:
Dungeon (1/1)

Altars:
Cheibriados
Dithmenos
Elyvilon
Fedhas
Gozag
Kikubaaqudgha
Makhleb
Nemelex Xobeh
Okawaru
Pakellas
Qazlal
Ru
Sif Muna
Trog
Vehumet
Xom
Yredelemnul
Zin
The Shining One
Beogh
Jiyva
Lugonu


Innate Abilities, Weirdness & Mutations

Your flesh is heat resistant.


Message History

You block the hippogriff's attack. The hippogriff bites you.
* * * LOW HITPOINT WARNING * * *
The hippogriff barely misses you.
The hippogriff claws you but does no damage.
You impale the hippogriff!!
You kill the hippogriff!
Pakellas accepts your kill.
You can now spend your magic to charge your devices.
Pakellas grants you a gift!
Your Fighting skill increases to level 6!
Your Maces & Flails skill increases to level 4!
Your Armour skill increases to level 5!
Your Dodging skill increases to level 2!
Your Shields skill increases to level 5!
Your Evocations skill gained 2 levels and is now at level 3!
You have reached level 5!
The gargoyle hurls a stone arrow at you.
The stone arrow hits you!
You die...
Pakellas says: Good help is so hard to find these days!

▓.▓
▓.▓
▓.▓
▓.▓
▓z▓
▓l▓
▓Z▓
▓9▓
▓@▓
▓[▓
▓.▓
▓)▓
▓|▓
▓.▓
▓.▓
▓'▓
▓_▓


You could see a gargoyle, an iguana, a wight and a bat zombie.

Vanquished Creatures
  A hippogriff (D)
  An orc wizard (D)
  An iguana (D)
  An adder (D)
  2 dart slugs (D)
  An orc (D)
  A giant cockroach (D)
  A hobgoblin (D)
  A bat (D)
  2 giant newts (D)
12 creatures vanquished.

Notes
Turn   | Place    | Note
--------------------------------------------------------------
     0 | D        | Kathua the Demonspawn Fighter began the quest for the Orb.
     0 | D        | Reached XP level 1. HP: 18/18 MP: 1/1
    24 | D        | Gained mutation: Your flesh is heat resistant. [demonic ancestry]
    24 | D        | Reached XP level 2. HP: 20/25 MP: 2/2
   189 | D        | Reached skill level 4 in Fighting
   189 | D        | Reached XP level 3. HP: 12/31 MP: 3/3
   197 | D        | Reached skill level 1 in Dodging
   203 | D        | Found a glowing silver altar of Zin.
   203 | D        | Found a glowing golden altar of the Shining One.
   203 | D        | Found an ancient bone altar of Kikubaaqudgha.
   203 | D        | Found a basalt altar of Yredelemnul.
   203 | D        | Found a shimmering altar of Xom.
   203 | D        | Found a radiant altar of Vehumet.
   204 | D        | Found an iron altar of Okawaru.
   205 | D        | Found a burning altar of Makhleb.
   206 | D        | Found a deep blue altar of Sif Muna.
   207 | D        | Found a bloodstained altar of Trog.
   208 | D        | Found a sparkling altar of Nemelex Xobeh.
   209 | D        | Found a white marble altar of Elyvilon.
   210 | D        | Found a roughly hewn altar of Beogh.
   211 | D        | Found a viscous altar of Jiyva.
   212 | D        | Found a corrupted altar of Lugonu.
   213 | D        | Found a blossoming altar of Fedhas.
   214 | D        | Found a snail-covered altar of Cheibriados.
   215 | D        | Found a shadowy altar of Dithmenos.
   216 | D        | Found a stormy altar of Qazlal.
   217 | D        | Found an opulent altar of Gozag.
   218 | D        | Found a sacrificial altar of Ru.
   219 | D        | Found an oddly glowing altar of Pakellas.
   228 | D        | Became a worshipper of Pakellas the Inventive
   400 | D        | Noticed a gargoyle
   400 | D        | Noticed a hippogriff
   411 | D        | Reached skill level 5 in Fighting
   411 | D        | Reached skill level 1 in Evocations
   411 | D        | Reached XP level 4. HP: 23/39 MP: 4/4
   419 | D        | Killed a hippogriff
   419 | D        | Reached * piety under Pakellas
   419 | D        | Received a gift from Pakellas
   419 | D        | Reached skill level 6 in Fighting
   419 | D        | Reached skill level 5 in Armour
   419 | D        | Reached skill level 5 in Shields
   419 | D        | Reached XP level 5. HP: 8/46 MP: 4/7
   419 | D        | Killed from afar by a gargoyle

Vault maps used:
D:        linesprint

Skill      XL: |  1  2  3  4 |
---------------+-------------+-----
Maces & Flails | 2 3 4 |  4.8
Armour         | 3 4 5 |  5.5
Shields        | 3 4 5 |  5.4
Fighting       | 4 5 6 |  6.1
Dodging        | 1 2 |  2.0
Evocations     | 1 3 |  3.5

Action                   |  1- 3 |  4- 6 || total
-------------------------+-------+-------++-------
Melee: Flail             |    32 |       ||    32
       Morningstar       |     9 |     7 ||    16
  Use: Potion            |     2 |       ||     2
Armor: Scale mail        |    14 |       ||    14
       Plate armour      |    21 |    20 ||    41
Dodge: Dodged            |    12 |     6 ||    18
Block: Shield            |    23 |    13 ||    36
